 Dungeon Crawl Stone Soup version 0.27-a0-1245-g940ed4fa31 (webtiles) character file.

Game seed: 8785226155819541192

56 wakim the Insei (level 3, -3/23 HPs)
             Began as an Octopode Transmuter on June 10, 2021.
             Killed from afar by an orc wizard (7 damage)
             ... with a magic dart
             ... on level 2 of the Dungeon.
             The game lasted 00:03:23 (1774 turns).

wakim the Insei (Octopode Transmuter)               Turns: 1774, Time: 00:03:24

Health: -3/23      AC:  1    Str:  9    XL:     3   Next: 97%
Magic:  6/6        EV: 13    Int: 16    God:
Gold:   93         SH:  0    Dex: 12    Spells: 2/6 levels left

rFire    . . .     SeeInvis .     - Unarmed
rCold    . . .     Faith    .   (no shield)
rNeg     . . .     Spirit   .   (helmet restricted)
rPois    .         Reflect  .   (no amulet)
rElec    .         Harm     .   (no ring)
rCorr    .         Rampage  .   (no ring)
Will     .....                  (no ring)
Stlth    +++.......             (no ring)
HPRegen  0.07/turn              (no ring)
MPRegen  0.10/turn              (no ring)
                                (no ring)
                                (no ring)

@: no status effects
A: almost no armour, amphibious, 8 rings, camouflage 1, gelatinous body 1,
(nimble swimmer 1), tentacles
a: no special abilities


You were on level 2 of the Dungeon.
You visited 1 branch of the dungeon, and saw 2 of its levels.

You collected 93 gold pieces.

Inventory:

Jewellery
 c - a +4 ring of evasion
Potions
 a - a potion of mutation {unknown}
 b - a potion of heal wounds {unknown}


   Skills:
 - Level 1.0 Fighting
 * Level 3.0 Dodging
 * Level 3.0 Stealth
 + Level 3.4 Unarmed Combat
 - Level 2.0 Spellcasting
 - Level 2.0 Transmutations


You had 2 spell levels left.
You knew the following spells:

 Your Spells              Type           Power      Damage    Failure   Level
a - Beastly Appendage     Tmut           16%        N/A       9%          1
x - Spider Form           Tmut/Pois      2%         N/A       38%         3

Your spell library contained the following spells:

 Spells                   Type           Power      Damage    Failure   Level
 Wereblood                Tmut           8%         N/A       14%         2
 Ice Form                 Ice/Tmut       4%         N/A       80%         4


Dungeon Overview and Level Annotations

Branches:
Dungeon (2/15)

Altars:

Annotations:
D:2 exclusion: necrophage


Innate Abilities, Weirdness & Mutations

You cannot wear most types of armour.
You are amphibious.
You can wear up to eight rings at the same time.
Your skin changes colour to match your surroundings (Stealth+).
Your rubbery body absorbs attacks. (AC +1, EV +1)
((You are camouflaged near water. (Stealth+)))
You have tentacles for arms and can constrict up to eight enemies at once.


Message History

A dart slug comes into view.
The adder bites you.
You are poisoned.
The adder poisons you!
You feel sick.
You feel sick.
You barely miss the adder. Your grab misses the adder.
Your squeeze misses the adder.
You feel sick. The adder misses you.
You miss the adder. Your grab misses the adder.
You feel sick. The adder completely misses you. The adder barely misses you.
You feel sick.
You are no longer poisoned.
You miss the adder. You grab the adder. You squeeze the adder.
The adder is lightly wounded.
You constrict the adder. The adder bites you.
* * * LOW HITPOINT WARNING * * *
You barely miss the adder.
The adder is moderately wounded.
You constrict the adder.
The orc wizard mumbles some strange words.
The orc wizard flickers and vanishes!
Deactivating autopickup; reactivate with Ctrl-A.
The adder barely misses you.
You tentacle-slap the adder. Your squeeze misses the adder.
The adder is severely wounded.
You constrict the adder. The adder closely misses you.
You barely miss the adder.
The orc wizard shouts!
Your squeeze misses the adder.
The adder is almost dead.
You constrict the adder.
You kill the adder!
Your Dodging skill increases to level 3!
Your Stealth skill increases to level 3!
A magic dart appears from out of thin air!
The magic dart hits you.
* * * LOW HITPOINT WARNING * * *
A magic dart appears from out of thin air!
The magic dart hits you!
You die...

≈.....# .###.........#######
≈.....#####.
..###.#.oo..........
≈≈≈...#.... #.#
#.##o####.#.#### ..†#.#..# #.#
#.#..# #.# .. ..[#...## #.#
#..o## #.# ..# ####..##
#.###{o#### #.# .# ##..#
#.........# #.. . ###...#
#.........##... ..#..##
#..@.........### ...>.#
#..........### .....#
##.........## ### ##.###
#..........## ...#
.....########...........#....♣
...#..................†......≈
.###########......)....##♣P..P
.# #..#.........# ≈≈..n .##
####.#########≈♣♣≈≈≈≈.


You could see an orc wizard and 4 orcs.

Vanquished Creatures
  An adder (D:2)
  A worm (D:2)
  2 dart slugs (D:1)
  2 endoplasms (D:1)
  A giant cockroach (D:2)
  5 goblins
  7 hobgoblins
  5 jackals (D:1)
  2 quokkas
  3 ball pythons (D:1)
  3 bats (D:1)
  A frilled lizard (D:1)
  2 rats (D:1)
35 creatures vanquished.

Vanquished Creatures (others)
  7 plants (D:2)
7 creatures vanquished.

Grand Total: 42 creatures vanquished

Notes
Turn   | Place    | Note
-------+----------+-------------------------------------------
     0 | D:1      | wakim the Octopode Transmuter began the quest for the Orb.
     0 | D:1      | Reached XP level 1. HP: 13/13 MP: 3/3
   135 | D:1      | Reached skill level 1 in Stealth
   139 | D:1      | Reached XP level 2. HP: 15/18 MP: 3/5
   719 | D:1      | Reached XP level 3. HP: 23/23 MP: 6/6
  1529 | D:2      | Learned a level 3 spell: Spider Form
  1533 | D:2      | Found a faded altar of an unknown god.
  1693 | D:2      | Noticed a necrophage
  1774 | D:2      | Killed from afar by an orc wizard

Illustrated notes

Levels and vault maps discovered:
D:1:      minmay_arrival_stone_box, layout_loops_corners, st_stairs_3
D:2:      layout_rooms, chequers_ecumenical_altar_island, serial_bayou_ford_a

Skill      XL: |  1  2  3 |
---------------+----------+-----
Stealth        | 1 2 3 |  3.0
Dodging        | 3 |  3.0
Fighting       | |  1.0
Unarmed Combat | |  3.4
Spellcasting   | |  2.0
Transmutations | |  2.0

Action                   || total
-------------------------++-------
Melee: Unarmed           ||    95
       Constrict         ||    22
       Tentacles         ||    11
       Kick              ||     9
       Punch             ||     1
 Cast: Beastly Appendage ||     8
       Spider Form       ||     1
  Use: Scroll            ||     2
 Stab: Sleeping          ||     9
Armor: Skin              ||     8
Dodge: Dodged            ||    70

Table legend: (Time is in decaauts)
 A = Elapsed time spent in this place.
 B = Non-inter-level travel time spent in this place.
 C = Inter-level travel time spent in this place.
 D = Time resting spent in this place.
 E = Time spent auto-exploring this place.
 F = Levels seen in this place.
 G = Mean time per level.
                   A        B        C        D        E       F      G
               +--------+--------+--------+--------+--------+-----+--------+
         Total |   1770 |   1731 |     39 |      0 |   1423 |   2 |  885.0 |
       Dungeon |   1770 |   1731 |     39 |      0 |   1423 |   2 |  885.0 |
               +--------+--------+--------+--------+--------+-----+--------+

Top non-repeatable levels by time:
     D:1: 1516 daAuts
     D:2: 253 daAuts
